 Dungeon Crawl Stone Soup version 0.18.1-48-g4cf74bf (webtiles) character file.

83 pancakeRgood the Vandal (level 4, 0/39 HPs)
             Began as a Kobold Hunter on Aug 22, 2016.
             Succumbed to Robin's poison
             ... on level 2 of the Dungeon.
             The game lasted 00:05:54 (984 turns).

pancakeRgood the Vandal (Kobold Hunter)              Turns: 984, Time: 00:05:56

Health: 0/39       AC: 22    Str: 10    XL:     4   Next: 71%
Magic:  4/4        EV:  3    Int:  9    God:
Gold:   58         SH:  0    Dex: 17    Spells: 0 memorised, 3 levels left

rFire  . . .     SeeInvis .     b - +0 short sword
rCold  . . .     Gourm    .     (armour currently unavailable)
rNeg   + + +     Faith    .     (shield restricted)
rPois  +         Spirit   .     (helmet currently unavailable)
rElec  .         Dismiss  .     (cloak currently unavailable)
rCorr  .         Reflect  .     (gloves currently unavailable)
SustAt .         Harm     .     (boots currently unavailable)
MR     .....     NoTele   +     (no amulet)
Stlth  ++........               (no ring)
                                (no ring)

@: lethally poisoned (0 -> -8), tree-form, not resistant to hostile
enchantments, unstealthy
A: carnivore 3
a: no special abilities


You were on level 2 of the Dungeon.
You were very full.
You were a tree.
You visited 1 branch of the dungeon, and saw 2 of its levels.

You collected 58 gold pieces.

Inventory:

Hand Weapons
 a - a +1 hunting sling
 b - a +0 short sword (weapon)
 e - a +0 spear
 p - a +0 hand axe
Missiles
 d - 17 sling bullets
Armour
 c - a +0 leather armour (melded)
 g - a +0 ring mail
 q - a +0 scale mail
Scrolls
 n - a scroll of immolation {unknown}
Potions
 k - a potion of haste {unknown}
 m - a potion of brilliance {unknown}
 o - 2 potions of resistance {unknown}
Comestibles
 f - 2 meat rations
 i - a slice of pizza
 j - a royal jelly
 l - 6 chunks of flesh


   Skills:
 + Level 2.2 Fighting
 + Level 0.3 Short Blades
 + Level 6.4 Slings
 + Level 0.1 Armour
 + Level 3.2 Dodging
 + Level 1.7 Stealth


You had 3 spell levels left.
You didn't know any spells.

Dungeon Overview and Level Annotations

Branches:
Dungeon (2/15)

Altars:

Annotations:
D:2 Robin


Innate Abilities, Weirdness & Mutations

You are small and have problems with some larger weapons.
You are carnivorous and can eat meat at any time.


Message History

You closely miss the goblin. The goblin hits you with a dagger.
The goblin misses you. x3
You hit the goblin.
You kill the goblin!
The goblin completely misses you. Robin throws the goblin at you!
The hobgoblin barely misses you. The goblin hits you but does no damage.
The goblin barely misses you.
You hit the goblin.
You kill the goblin!
The goblin barely misses you.
Robin hits you from afar with a trident of venom.
* * * LOW HITPOINT WARNING * * *
You are lethally poisoned!
The hobgoblin closely misses you. The goblin hits you with a dagger.
* * * LOW HITPOINT WARNING * * *
The goblin misses you.
It was a potion of lignification.
You turn into a tree.
Your +0 leather armour melds into your body.
Your roots penetrate the ground.
You die...

#...#.###..#.
...###.........
##......###...#
#.####.# ## #.#
#.# # #.#
...####)# #
......g♣###...#
.....g.gg...#
#############


You could see Robin, a hobgoblin and 2 goblins.

Vanquished Creatures
  Terence (D:2)
  A gnoll (D:1)
  2 dart slugs (D:1)
  A giant gecko (D:1)
  4 bats (D:1)
  13 goblins
  9 hobgoblins
  4 giant newts
  A kobold (D:1)
  2 rats (D:1)
38 creatures vanquished.

Notes
Turn   | Place    | Note
--------------------------------------------------------------
     0 | D:1      | pancakeRgood the Kobold Hunter began the quest for the Orb.
     0 | D:1      | Reached XP level 1. HP: 12/12 MP: 1/1
    33 | D:1      | Reached skill level 5 in Slings
   101 | D:1      | Reached XP level 2. HP: 15/17 MP: 2/2
   255 | D:1      | Reached XP level 3. HP: 21/21 MP: 3/3
   805 | D:1      | Reached skill level 6 in Slings
   881 | D:2      | Noticed Terence
   893 | D:2      | Killed Terence
   893 | D:2      | Reached XP level 4. HP: 23/26 MP: 4/4
   963 | D:2      | Noticed Robin
   983 | D:2      | HP: 1/26 [goblin/dagger[Robin] (3)]
   984 | D:2      | Succumbed to Robin's poison

Skill      XL: |  1  2  3  4 |
---------------+-------------+-----
Slings         | 5 6 |  6.4
Dodging        | 3 |  3.2
Fighting       | |  2.2
Short Blades   | |  0.3
Armour         | |  0.1
Stealth        | |  1.7

Action                   |  1- 3 |  4- 6 || total
-------------------------+-------+-------++-------
Melee: Short sword       |    19 |    23 ||    42
 Fire: Hunting sling     |    51 |     4 ||    55
  Use: Potion            |       |     1 ||     1
  Eat: Chunk             |     8 |       ||     8
Armor: Leather armour    |     3 |    11 ||    14
Dodge: Dodged            |    33 |    63 ||    96
